 Dungeon Crawl Stone Soup version 0.25.0-46-gbd7b0854d2 (webtiles) character file.

Game seed: 6210081514096213503

5455 Descartes the Blocker (level 11, -7/84 HPs)
             Began as a Formicid Fighter on July 13, 2020.
             Was a Believer of Sif Muna.
             Mangled by a two-headed ogre
             ... wielding a +0 giant club
              (16 damage)
             ... on level 9 of the Dungeon.
             The game lasted 00:26:48 (10163 turns).

Descartes the Blocker (Formicid Fighter)           Turns: 10163, Time: 00:26:48

Health: -7/84      AC: 16    Str: 19    XL:     11   Next: 0%
Magic:  20/20      EV:  6    Int: 11    God:    Sif Muna [**....]
Gold:   233        SH: 12    Dex: 17    Spells: 21/26 levels left

rFire    + + .     SeeInvis +   H - +0 falchion (elec)
rCold    + . .     Gourm    .   c - +0 kite shield
rNeg     . . .     Faith    .   d - +1 plate armour {rF+}
rPois    .         Spirit   .   (helmet unavailable)
rElec    .         Reflect  .   (no cloak)
rCorr    .         Harm     .   (no gloves)
MR       +....                  u - +0 pair of boots
Stlth    ..........             x - amulet "Guvy" {Acrobat rF+ Str-2 Dex+7}
HPRegen  0.64/turn              C - ring of protection from cold
MPRegen  0.17/turn              (no ring)

@: no status effects
A: permanent stasis, dig shafts and tunnels, four strong arms, antennae 3, low
mp 1, regeneration 1, robust 1
a: Dig, Shaft Self, Channel Magic, Renounce Religion


You were on level 9 of the Dungeon.
You worshipped Sif Muna.
Sif Muna was pleased with you.
You were hungry.

You visited 2 branches of the dungeon, and saw 10 of its levels.

You collected 377 gold pieces.
You spent 144 gold pieces at shops.

Inventory:

Hand Weapons
 a - a +0 war axe
 j - a +2 glaive of venom
 H - a +0 falchion of electrocution (weapon)
Missiles
 g - 6 datura-tipped darts (quivered)
 h - 203 stones
 i - 87 bolts
 o - 185 arrows
 q - 4 curare-tipped darts
 s - 151 sling bullets
 y - 29 poisoned darts
Armour
 c - a +0 kite shield (worn)
 d - a +1 plate armour of fire resistance (worn)
 k - a +4 chain mail
 u - a +0 pair of boots (worn)
 G - +0 acid dragon scales
 J - a +2 buckler of positive energy
Jewellery
 x - the amulet "Guvy" (around neck) {Acrobat rF+ Str-2 Dex+7}
   (You found it on level 3 of the Dungeon)

   [amulet of the acrobat]

   It helps you evade while moving and waiting.
   It affects your strength (-2).
   It affects your dexterity (+7).
   It protects you from fire.
 C - a ring of protection from cold (left hand)
Wands
 b - a wand of digging (7)
 w - a wand of flame (20)
Scrolls
 e - 2 scrolls of enchant weapon {unknown}
 l - 4 scrolls of remove curse
 m - 2 scrolls of fog {unknown}
 p - a scroll of immolation {unknown}
 r - 2 scrolls of identify
 t - 3 scrolls of magic mapping {unknown}
 z - a scroll of vulnerability {unknown}
 B - a scroll of random uselessness {unknown}
 E - a scroll of amnesia {unknown}
Potions
 n - 3 potions of flight
 v - 4 potions of curing
 A - a potion of cancellation
 D - 2 potions of brilliance
 F - a potion of stabbing
Comestibles
 f - 16 rations


   Skills:
 - Level 4.0 Fighting
 + Level 2.6 Long Blades
 - Level 2.0 Axes
 + Level 8.6 Armour
 - Level 9.0 Shields
 + Level 8.3 Spellcasting
 + Level 8.2 Invocations
 - Level 4.0 Evocations


You had 21 spell levels left.
You knew the following spells:

 Your Spells              Type           Power        Failure   Level  Hunger
a - Sticks to Snakes      Tmut           #.......     99%         2    #......
b - Spider Form           Tmut/Pois      #.........   100%        3    ##.....

Your spell library contained the following spells:

 Spells                   Type           Power        Failure   Level  Hunger
 Animate Skeleton         Necr           N/A          98%         1    None
 Apportation              Tloc           #.....       98%         1    None
 Beastly Appendage        Tmut           #.....       98%         1    None
 Corona                   Hex            #......      98%         1    None
 Summon Small Mammal      Summ           #...         98%         1    None
 Ice Form                 Ice/Tmut       #.......     100%        4    ####...
 Blade Hands              Tmut           #.........   100%        5    ######.


Dungeon Overview and Level Annotations

Branches:
Dungeon (9/15)             Temple (1/1) D:5
   Lair: D:8-11         Orc: D:9-12

Altars:
Ashenzari
Cheibriados
Dithmenos
Elyvilon
Fedhas
Gozag
Hepliaklqana
Kikubaaqudgha
Makhleb
Nemelex Xobeh
Okawaru
Qazlal
Ru
Sif Muna
Trog
Uskayaw
Vehumet
Wu Jian
Xom
Yredelemnul
Zin
The Shining One

Shops:
D:4 (   D:7 *?*[?

Portals:
Abyss: D:7

Annotations:
D:7 2 transporters, raetorn's ghost, novice GnWn
D:8 exclusions: oklob plant and oklob sapling


Innate Abilities, Weirdness & Mutations

You cannot be hasted, slowed, berserked, paralysed or teleported.
You can dig through walls and to a lower floor.
Your four strong arms can wield two-handed weapons with a shield.
You have a pair of large antennae on your head. (SInv)
Your magical capacity is low. (-10% MP)
Your natural rate of healing is unusually fast.
You are robust. (+10% HP)


Message History

The two-headed ogre hits you with a +0 giant club!!
* * * LOW HITPOINT WARNING * * *
The two-headed ogre barely misses you. The two-headed ogre misses you.
You riposte.
You closely miss the two-headed ogre.
The two-headed ogre is almost dead.
You block the two-headed ogre's attack.
You hit the two-headed ogre but do no damage.
The two-headed ogre is severely wounded.
You block the two-headed ogre's attack. x2
You hit the two-headed ogre.
The two-headed ogre is severely wounded.
The two-headed ogre hits you with a +0 giant club!
The two-headed ogre hits you with a +0 giant club!!
* * * LOW HITPOINT WARNING * * *
You hit the two-headed ogre but do no damage.
Lightning courses through the two-headed ogre!
The two-headed ogre is almost dead.
The two-headed ogre hits you with a +0 giant club!
You die...

#..#...........#...##
.........#..#...........#....#
.........#..#...........#....#
.........#..#...........#....#
<........#..#...........#....#
.........#..##+######'###....#
.........#...................#
.........#...................##
.........#.....O@.............#
.........#...#####.##.........#
##'#######...# ##[#.........###
.............# #.##.#####.....#
#######......# ####.#...#.....#
......#......# #.#...#.....#
......#...#### #.#...#......
......#...# #.'...#...###
......#...####### #.#...#...#


You could see a two-headed ogre.

Vanquished Creatures
  Pikel (D:8)
  Maggie (D:8)
  2 hippogriffs (D:8)
  A hornet (D:8)
  Sigmund (D:6)
  A spriggan (D:7)
  A hungry ghost (D:6)
  Eustachio (D:6)
  Menkaure (D:3)
  A water moccasin (D:8)
  3 sky beasts (D:6)
  2 orc warriors
  2 slaves (D:8)
  A black bear (D:7)
  4 ogres
  4 centaurs
  A crocodile (D:8)
  5 bullfrogs
  A wyvern skeleton (D:6)
  8 killer bees
  A howler monkey (D:5)
  4 crimson imps
  A quasit (D:8)
  2 bullfrog skeletons
  A bullfrog zombie (D:7)
  5 hounds
  A jelly (D:8)
  5 orc priests
  2 orc wizards
  4 iguanas
  7 worker ants
  3 hound skeletons
  A howler monkey zombie (D:7)
  2 worker ant zombies
  3 gnolls (D:4)
  17 adders
  3 shadow imps
  An ooze (D:4)
  An adder skeleton (D:6)
  An adder zombie (D:6)
  5 worms
  A dart slug (D:4)
  5 leopard geckos
  19 orcs
  8 ball pythons
  8 bats
  7 giant cockroaches
  6 goblins
  12 hobgoblins
  2 jackals (D:5)
  7 quokkas
  3 frilled lizards
  A jackal skeleton (D:4)
  10 kobolds
  A leopard gecko skeleton (D:6)
  A leopard gecko zombie (D:6)
  A quokka zombie (D:5)
  6 rats
  A plant (D:8)
211 creatures vanquished.

Vanquished Creatures (others)
  A slave (D:8)
  A crimson imp (D:8)
  A worker ant zombie (D:8)
  2 plants (D:8)
5 creatures vanquished.

Grand Total: 216 creatures vanquished

Notes
Turn   | Place    | Note
-------+----------+-------------------------------------------
     0 | D:1      | Descartes the Formicid Fighter began the quest for the Orb.
     0 | D:1      | Reached XP level 1. HP: 18/18 MP: 1/1
    52 | D:1      | Reached skill level 4 in Shields
   142 | D:1      | Reached XP level 2. HP: 24/24 MP: 2/2
   413 | D:1      | Reached XP level 3. HP: 27/29 MP: 3/3
   518 | D:1      | Reached skill level 5 in Shields
  1245 | D:2      | Reached XP level 4. HP: 35/35 MP: 4/4
  1423 | D:2      | Found a snail-covered altar of Cheibriados.
  1609 | D:2      | Reached skill level 6 in Shields
  2148 | D:3      | Reached XP level 5. HP: 6/41 MP: 5/5
  2631 | D:3      | Found a transporter.
  2636 | D:3      | Found a transporter.
  2639 | D:3      | Noticed Menkaure
  2639 | D:3      | Found an ancient bone altar of Kikubaaqudgha.
  2639 | D:3      | Found a basalt altar of Yredelemnul.
  2663 | D:3      | Gained mutation: Your magical capacity is low. (-10% MP)
                  | [potion of mutation]
  2663 | D:3      | Gained mutation: You are robust. (+10% HP) [potion of
                  | mutation]
  2663 | D:3      | Gained mutation: Your natural rate of healing is unusually
                  | fast. [potion of mutation]
  2665 | D:3      | HP: 1/67 [hound skeleton (3)]
  2669 | D:3      | Killed Menkaure
  2669 | D:3      | Reached skill level 8 in Shields
  2669 | D:3      | Reached XP level 6. HP: 2/51 MP: 5/5
  2883 | D:3      | Got a brightly glowing jade amulet
  2884 | D:3      | Identified the amulet "Guvy" {Acrobat rF+ Str-2 Dex+7} (You
                  | found it on level 3 of the Dungeon)
  3181 | D:4      | Found Doudgh's Antique Weapon Shoppe.
  3236 | D:4      | Reached skill level 1 in Evocations
  3278 | D:4      | Reached skill level 1 in Spellcasting
  3278 | D:4      | Reached XP level 7. HP: 57/57 MP: 7/7
  3771 | D:5      | Entered Level 5 of the Dungeon
  3942 | D:5      | Found a staircase to the Ecumenical Temple.
  3952 | Temple   | Entered the Ecumenical Temple
  4175 | Temple   | Became a worshipper of Sif Muna the Loreminder
  4537 | D:5      | Found a stormy altar of Qazlal.
  4621 | D:5      | Reached skill level 9 in Shields
  4621 | D:5      | Reached XP level 8. HP: 58/63 MP: 9/11
  5270 | D:6      | Reached * piety under Sif Muna
  5436 | D:6      | Found a radiant altar of Vehumet.
  5445 | D:6      | Reached skill level 1 in Invocations
  5495 | D:6      | Noticed Eustachio
  5556 | D:6      | Killed Eustachio
  5619 | D:6      | Reached skill level 5 in Spellcasting
  5619 | D:6      | Reached XP level 9. HP: 71/71 MP: 13/15
  5717 | D:6      | Noticed Sigmund
  5749 | D:6      | Killed Sigmund
  5749 | D:6      | Reached skill level 5 in Armour
  6106 | D:6      | Paralysed by fainting for 12 turns
  6166 | D:6      | Reached skill level 5 in Invocations
  6547 | D:7      | Found Refrytaip's Magic Scroll Boutique.
  6556 | D:7      | Bought a scroll of remove curse for 48 gold pieces
  6556 | D:7      | Bought a scroll of identify for 32 gold pieces
  6582 | D:7      | Bought a scroll of identify for 32 gold pieces
  6582 | D:7      | Bought a scroll of identify for 32 gold pieces
  6643 | D:7      | Found Puos's Antique Armour Boutique.
  6669 | D:7      | Noticed raetorn's ghost (novice GnWn)
  6676 | D:7      | Noticed a red devil
  6676 | D:7      | Noticed a rust devil
  6681 | D:7      | Found a one-way gate to the infinite horrors of the Abyss.
  6694 | D:7      | Found a transporter.
  6745 | D:7      | Found Obbiqiur's General Store.
  6784 | D:7      | Found a transporter.
  6883 | D:7      | Found a bloodstained altar of Trog.
  6916 | D:7      | Found Zaeradoa's General Store.
  7013 | D:7      | Found Dety's Magic Scroll Shop.
  7047 | D:7      | Reached ** piety under Sif Muna
  7047 | D:7      | Reached XP level 10. HP: 76/78 MP: 18/18
  7496 | D:8      | Noticed Pikel
  7548 | D:8      | Killed Pikel
  7660 | D:8      | Noticed Maggie
  7700 | D:8      | Killed Maggie
  7893 | D:8      | Learned a level 2 spell: Sticks to Snakes
  7898 | D:8      | Learned a level 3 spell: Spider Form
  8140 | D:8      | Found a blossoming altar of Fedhas.
  8168 | D:8      | Noticed an oklob plant
  8348 | D:8      | Reached skill level 1 in Long Blades
  9859 | D:9      | Reached XP level 11. HP: 84/84 MP: 20/20
 10010 | D:9      | Noticed a two-headed ogre
 10101 | D:9      | HP: 2/84 [two-headed ogre/+0 giant club (21)]
 10163 | D:9      | Mangled by a two-headed ogre

Illustrated notes

Levels and vault maps discovered:
D:1:      dpeg_arrival_concentric_ovals, layout_basic
D:2:      layout_loops_corners, cheibriados_altar_1, first_ration
D:3:      layout_rooms, gammafunk_temple_of_torment
D:4:      layout_gridville, serial_shops,
          nicolae_shop_temple_entry_statues_fountains
D:5:      layout_basic, minmay_temple_entry_mist, basic_altar,
          minmay_door_square, minmay_crystal_room
D:6:      minmay_clustersquares, layout_basic, basic_altar, uniq_eustachio,
          uniq_sigmund
D:7:      layout_gridville, old_standard_altar, serial_shops,
          kennysheep_mini_moat, shop, kennysheep_mini, shop, shop_statue,
          gammafunk_ghost_abyssal_escape, the_bakery
D:8:      layout_layer_cave, roderic_lattice_a,
          eino_small_chamber_without_monster, introduction_to_nature_2,
          uniq_maggie, uniq_pikel
D:9:      layout_irregular_city
Temple:   dpeg_five_rooms_temple

Skill      XL: |  1  2  3  4  5  6  7  8  9 10 |
---------------+-------------------------------+-----
Shields        | 4 5 6 8 9 |  9.0
Evocations     | 1 3 4 |  4.0
Spellcasting   | 1 3 5 6 8 |  8.3
Fighting       | 4 |  4.0
Armour         | 4 6 8 |  8.6
Invocations    | 2 5 8 |  8.2
Long Blades    | 2 |  2.6
Axes           | |  2.0

Action                   |  1- 3 |  4- 6 |  7- 9 | 10-12 || total
-------------------------+-------+-------+-------+-------++-------
Melee: War axe           |    98 |   174 |   469 |       ||   741
       Falchion          |       |       |    29 |   384 ||   413
 Abil: Dig               |       |     3 |     4 |     4 ||    11
Evoke: Wand              |       |       |       |     6 ||     6
  Use: Potion            |       |     4 |       |     3 ||     7
       Scroll            |       |       |     7 |       ||     7
  Eat: Chunk             |     1 |     7 |    21 |     7 ||    36
       Ration            |       |       |       |     1 ||     1
Armor: Scale mail        |    32 |       |       |       ||    32
       Chain mail        |    17 |    84 |       |       ||   101
       Skin              |       |     5 |       |     4 ||     9
       Plate armour      |       |    39 |   242 |   206 ||   487
Dodge: Dodged            |    42 |    58 |   122 |   133 ||   355
Block: Kite shield       |    48 |   130 |   342 |   285 ||   805
       Rpst.: Falchion   |       |       |     4 |    33 ||    37
